 Dungeon Crawl Stone Soup version 0.20-a0-1008-g0de3dc5 (webtiles) character file.

59 MovingMist the Skirmisher (level 4, 0/29 HPs)
             Began as a Gargoyle Fighter on Apr 14, 2017.
             Slain by Sigmund
             ... wielding a +0 scythe
              (6 damage)
             ... on level 2 of the Dungeon.
             The game lasted 00:05:59 (1398 turns).

MovingMist the Skirmisher (Gargoyle Fighter)        Turns: 1398, Time: 00:06:00

Health: 0/29       AC: 14    Str: 19    XL:     4   Next: 3%
Magic:  4/4        EV:  5    Int:  9    God:
Gold:   39         SH:  9    Dex: 10    Spells: 3/3 levels left

rFire    . . .     SeeInvis .   a - +0 flail
rCold    . . .     Gourm    .   c - +0 shield
rNeg     + . .     Faith    .   m - +0 chain mail
rPois    ∞         Spirit   .   (no helmet)
rElec    +         Reflect  .   n - +0 cloak
rCorr    .         Harm     .   (no gloves)
MR       .....                  (no boots)
Stlth    ..........             (no amulet)
Regen    0.1/turn               (no ring)
MPRegen  0.1/turn               (no ring)

@: no status effects
A: negative energy resistance 1, electricity resistance, unbreathing,
petrification resistance, rot immunity, AC +3
a: no special abilities


You were on level 2 of the Dungeon.
You were not hungry.

You visited 1 branch of the dungeon, and saw 3 of its levels.

You collected 39 gold pieces.

Inventory:

Hand Weapons
 a - a +0 flail (weapon)
Armour
 c - a +0 shield (worn)
 m - a +0 chain mail (worn)
 n - a +0 cloak (worn)
Scrolls
 e - 2 scrolls of identify
 i - a scroll of teleportation {unknown}
 l - a scroll of amnesia
Potions
 b - 3 potions of flight {unknown}
 d - a potion of might
 g - 3 potions of degeneration {unknown}
 j - a potion of magic {unknown}
Comestibles
 f - 2 bread rations
 h - 4 chunks of flesh
 k - a royal jelly


   Skills:
 + Level 3.7 Fighting
 + Level 2.2 Maces & Flails
 + Level 3.5 Armour
 * Level 2.0 Dodging
 - Level 3.2 Shields


You had 3 spell levels left.
You didn't know any spells.

Dungeon Overview and Level Annotations

Branches:
Dungeon (3/15)

Altars:

Annotations:
D:2 Sigmund


Innate Abilities, Weirdness & Mutations

You are resistant to torment.
Your stone body is resilient. (AC +3)
You are immune to poison.
You resist negative energy. (rN+)
You are resistant to electric shocks. (rElec)
You can survive without breathing.
You are immune to petrification.
You are immune to rotting.


Message History

Sigmund hits you but does no damage.
You hit Sigmund.
Sigmund is heavily wounded.
Sigmund barely misses you.
You closely miss Sigmund.
Sigmund is heavily wounded.
Sigmund casts a spell.
Sigmund flickers and vanishes!
Deactivating autopickup; reactivate with Ctrl-A.
You hit something. Something hits you.
You closely miss something.
You hear some strange, mumbled words.
A puff of flame appears from out of thin air!
The puff of flame hits you! Something hits you but does no damage.
You miss something. Something hits you.
* * * LOW HITPOINT WARNING * * *
You closely miss something. You barely miss something.
Something hits you but does no damage. Something hits you.
You die...

..... ..?...... .. #...
.....# ... ##..#
....###..# #...#
...##.... ##### #...#
#..##...# #...###...#
##...#.#.#
#>..{†@...####........#
##...##...##..........#
###..................#
####...##.##.##..#..
#...##.##.###....
###.........#.#..
#######..##......#.#..
#.......###........#..
#.<....# #.......##.#


There were no monsters in sight!

Vanquished Creatures
  An adder (D:3)
  2 dart slugs (D:1)
  A leopard gecko (D:1)
  9 bats
  A giant cockroach (D:1)
  9 goblins
  4 hobgoblins (D:1)
  3 jackals
  2 kobolds (D:1)
  A quokka (D:2)
  A ball python (D:1)
  3 frilled lizards (D:1)
  3 rats (D:1)
40 creatures vanquished.

Notes
Turn   | Place    | Note
-------+----------+-------------------------------------------
     0 | D:1      | MovingMist the Gargoyle Fighter began the quest for the Orb.
     0 | D:1      | Reached XP level 1. HP: 14/14 MP: 1/1
    95 | D:1      | Reached XP level 2. HP: 19/19 MP: 2/2
   171 | D:1      | Reached skill level 1 in Dodging
   450 | D:1      | Reached XP level 3. HP: 23/23 MP: 3/3
  1136 | D:2      | Noticed Sigmund
  1180 | D:3      | Reached XP level 4. HP: 13/29 MP: 4/4
  1398 | D:2      | Slain by Sigmund

Vault maps used:
D:1:      dpeg_arrival_subterranean_lakeside_camping
D:2:      uniq_sigmund, uniq_crazy_yiuf_cottage
D:3:      chequers_ecumenical_altar_simple

Skill      XL: |  1  2  3 |
---------------+----------+-----
Dodging        | 1 2 |  2.0
Fighting       | |  3.7
Maces & Flails | |  2.2
Armour         | |  3.5
Shields        | |  3.2

Action                   |  1- 3 |  4- 6 || total
-------------------------+-------+-------++-------
Melee: Flail             |   181 |    27 ||   208
  Use: Scroll            |     4 |       ||     4
  Eat: Chunk             |     1 |     1 ||     2
Armor: Scale mail        |    39 |       ||    39
       Chain mail        |   107 |    28 ||   135
Dodge: Dodged            |    62 |    11 ||    73
Block: Shield            |   132 |    16 ||   148
